 Dungeon Crawl Stone Soup version 0.21-a0-178-g0b87683 (webtiles) character file.

16804 MackTheKnife the Basher (level 12, -5/100 HPs)
             Began as a Formicid Wanderer on Aug 9, 2017.
             Was an Initiate of Gozag.
             Engulfed by an ice statue's freezing vapour (29 damage)
             ... in an ice cave.
             The game lasted 00:23:56 (12903 turns).

MackTheKnife the Basher (Formicid Wanderer)        Turns: 12903, Time: 00:23:57

Health: -5/100     AC: 18    Str: 19    XL:     12   Next: 74%
Magic:  16/16      EV:  8    Int: 23    God:    Gozag
Gold:   1211       SH:  0    Dex: 12    Spells: 17/17 levels left

rFire    + + +     SeeInvis +   a - +9 dire flail of Insufficient Pleasure {freeze, rPois rF+++ Str-2 Int+3}
rCold    . . .     Gourm    .   (no shield)
rNeg     + . .     Faith    .   s - +1 chain mail of Context {MR++ Int+6} (curse)
rPois    +         Spirit   .   (helmet unavailable)
rElec    .         Reflect  .   (no cloak)
rCorr    .         Harm     .   x - +0 pair of gloves {Dex+3}
MR       +++..     Clarity  +   t - +1 pair of boots
Stlth    ..........             (no amulet)
HPRegen  0.26/turn              c - ring of positive energy {rN+}
MPRegen  0.15/turn              (no ring)

@: no status effects
A: permanent stasis, dig shafts and tunnels, four strong arms, antennae 3,
talons 1, slimy green scales 1, clarity
a: Dig, Shaft Self, Potion Petition, Call Merchant, Bribe Branch, Renounce
Religion


You were in an ice cave.
You worshipped Gozag.
Gozag was most pleased with you.
You were near starving.

You visited 2 branches of the dungeon, and saw 13 of its levels.
You also visited: Ice Cave.

You collected 2217 gold pieces.
You spent 138 gold pieces at shops.
You paid 868 gold pieces to Gozag.

Inventory:

Hand Weapons
 a - the +9 dire flail of Insufficient Pleasure (weapon) {freeze, rPois rF+++ Str-2 Int+3}
   (You acquired it on level 9 of the Dungeon)

   It has been specially enchanted to freeze those struck by it, causing extra
   injury to most foes and up to half again as much damage against particularly
   susceptible opponents.
   It can also slow down cold-blooded creatures.
   It affects your strength (-2).
   It affects your intelligence (+3).
   It renders you almost immune to fire.
   It protects you from poison.
 B - a +1 vampiric dagger {!w}
   (You took it off an orc wizard on level 11 of the Dungeon)
Armour
 s - the cursed +1 chain mail of Context (worn) {MR++ Int+6}
   (You found it on level 9 of the Dungeon)

   It affects your intelligence (+6).
   It affects your resistance to hostile enchantments.
   It has a curse placed upon it.
 t - a +1 pair of boots (worn)
   (You found it on level 2 of the Dungeon)
 x - a +0 pair of gloves of dexterity (worn)
   (You bought it in a shop on level 8 of the Dungeon)
Jewellery
 c - a ring of positive energy (left hand) {rN+}
   (You found it on level 3 of the Dungeon)
Wands
 y - a wand of polymorph (24/24)
   (You found it on level 9 of the Dungeon)
 A - a wand of clouds (3/9)
   (You found it on level 11 of the Dungeon)
 C - a wand of confusion (14/48)
   (You found it on level 11 of the Dungeon)
Scrolls
 g - a scroll of magic mapping {!r}
 n - 4 scrolls of identify
 o - 6 scrolls of remove curse
 q - 2 scrolls of enchant armour
 v - 4 scrolls of enchant weapon
Potions
 d - 4 potions of lignification {!q}
 e - 2 potions of agility
 h - 2 potions of mutation {!q}
 i - 2 potions of flight
 k - 2 potions of brilliance
 m - a potion of berserk rage {unknown}
 p - a potion of haste {unknown}
 r - 3 potions of heal wounds
 u - 2 potions of might {unknown}
 z - 2 potions of curing
Books
 b - a book of Minor Magic
 w - a book of Maledictions
   (You found it on level 9 of the Dungeon)
 D - a book of Conjurations
   (You found it on level 11 of the Dungeon)
Comestibles
 f - a bread ration {@e1}
 j - 7 royal jellies
 l - 8 meat rations {@e2}


   Skills:
 + Level 11.3 Fighting
 - Level 14.0 Maces & Flails
 - Level 1.0 Throwing
 + Level 10.0 Armour
 - Level 1.2 Stealth
 - Level 3.2 Spellcasting
   Level 2.0 Necromancy


You had 17 spell levels left.
You didn't know any spells.

Dungeon Overview and Level Annotations

Branches:
Dungeon (11/15)            Temple (0/1) D:7            Lair (2/6) D:11
  Snake (0/4) Lair:2
  Swamp: Lair:2-4    Shoals: Lair:2-4       Orc: D:9-12

Altars:
Cheibriados
Elyvilon
Fedhas
Gozag
Hepliaklqana
Nemelex Xobeh
Okawaru
Sif Muna
Trog
Uskayaw
Wu Jian
Xom
Yredelemnul
The Shining One

Shops:
D:5 *   D:8 *   D:9 (

Annotations:
IceCv exclusion: ice statue


Innate Abilities, Weirdness & Mutations

You cannot be hasted, slowed, berserked, paralysed or teleported.
You can dig through walls and to a lower floor.
Your four strong arms can wield two-handed weapons with a shield.
You have a pair of large antennae on your head. (SInv)
You have sharp toenails.
You are partially covered in slimy green scales. (AC +2)
You possess an exceptional clarity of mind.


Message History

You hit the ice devil but do no damage. You hit the ice devil.
The ice devil hits you but does no damage.
You completely miss the ice devil. The ice devil closely misses you.
You hit the ice devil. You barely miss the ice devil.
The ice devil hits you but does no damage.
You are feeling very hungry.
You thump the ice devil! You sock the ice devil! The ice devil hits you.
The ice devil freezes you!
You take 12 damage, and have 83/100 hp.
You barely miss the ice devil.
The ice devil hits you but does no damage.
Your chain mail of Context prevents you from hitting the ice devil.
You thump the ice devil!
You kill the ice devil!
Your Armour skill increases to level 10!
You now have 1165 gold pieces (gained 3).
You now have 1173 gold pieces (gained 8).
There is an open door here.
As you open the door, it creaks loudly!
A troll simulacrum comes into view.
You completely miss the troll simulacrum.
You completely miss the troll simulacrum.
The troll simulacrum bites you but does no damage.
The troll simulacrum claws you. The troll simulacrum freezes you!
The troll simulacrum claws you but does no damage.
You take 19 damage, and have 70/100 hp.
You sock the troll simulacrum! You impale the troll simulacrum!!
The troll simulacrum vapourises!
No target in view!
You open the door.
A centaur simulacrum comes into view.
You hit the centaur simulacrum.
The centaur simulacrum barely misses you.
You bludgeon the centaur simulacrum!!
The centaur simulacrum vapourises!
No target in view!
No target in view!
You start resting.
Health restored: 100 You now have 1176 gold pieces (gained 3).
There is an open door here.
You now have 1182 gold pieces (gained 6).
There is an open door here.
You open the door.
A troll simulacrum comes into view.
You sock the troll simulacrum! You impale the troll simulacrum!!
The troll simulacrum vapourises!
No target in view!
No target in view!
Really walk into that cloud of freezing vapour?
You are engulfed in freezing vapours.
There is an open door here.
You see here 4 gold pieces.
You take 15 damage, and have 85/100 hp.
You now have 1187 gold pieces (gained 5).
There is an open door here.
An ice statue comes into view.
The ice statue glitters chillingly in the dim dungeon light.
An ice statue is nearby!
An ice statue is nearby!
An ice statue is nearby!
An ice statue is nearby!
You now have 1191 gold pieces (gained 4).
There is an open door here.
You are near starving!
You regained 2 hp, and now have 88/100 hp.
Unknown command.
You now have 1198 gold pieces (gained 7).
You now have 1204 gold pieces (gained 6).
There is an open door here.
There is an open door here.
You now have 1211 gold pieces (gained 7).
There is an open door here.
There is an open door, spattered with blood here.
Partly explored, can't reach some items and places.
You regained 6 hp, and now have 94/100 hp.
Partly explored, can't reach some items and places.
Partly explored, can't reach some items and places.
There is an open door, spattered with blood here.
Really walk into a travel-excluded area?
There is an open door here.
The ice statue gestures at you. The bolt of cold hits you!
You take 26 damage, and have 73/100 hp.
MASSIVE DAMAGE!!
The ice statue gestures at you. The freezing blast engulfs you!
You take 14 damage, and have 59/100 hp.
You are engulfed in freezing vapours.
The ice statue gestures at you. The freezing blast engulfs you!
* * * LOW HITPOINT WARNING * * *
There is an open door here.
You are engulfed in freezing vapours.
You die...
Your body crumbles into a pile of gold.

.# .# .# .# ## {
.##
###8.#####§8####
......§§§§§....#
######§######'#
#.$..§§@..'.#
###.8...8.###
#.'.......'.#
###.8...8.###
#.'.......'.#
###.8...8.###
#.'.......'.#
###'#...#'###
#.#...#.#


There were no monsters in sight!

Vanquished Creatures
  A catoblepas (Lair:2)
  Erica (Lair:1)
  The ghost of Leszczynek the Grappler, a novice TrSk of the Shining One (D:10)
  An unseen horror (D:11)
  Pikel (D:6)
  A manticore (D:11)
  A cyclops (D:11)
  2 ice statues (IceCv)
  2 spiny frogs
  A torpor snail (Lair:2)
  A centaur skeleton (D:11)
  A komodo dragon (Lair:1)
  6 ice devils (IceCv)
  3 trolls
  Prince Ribbit (D:9)
  2 hippogriffs
  8 yaks
  4 hogs (D:8)
  A wyvern (D:9)
  A human (D:8)
  Duvessa (D:4)
  A porcupine (Lair:1)
  A water moccasin (Lair:2)
  An orc warrior (D:6)
  13 ice beasts
  2 sky beasts
  A black bear (D:6)
  A necrophage (D:8)
  An eye of draining (D:10)
  4 centaurs
  7 ogres
  2 phantoms
  2 crocodiles (Lair:1)
  2 big kobolds (D:9)
  6 bullfrogs
  Dowan (D:4)
  4 scorpions
  4 wights (D:8)
  12 killer bees
  2 howler monkeys
  A draconian simulacrum (IceCv)
  A bullfrog zombie (D:8)
  7 crimson imps
  A quasit (D:7)
  3 orc priests
  2 jellies
  5 orc wizards
  2 iguanas
  A spriggan simulacrum (IceCv)
  5 troll simulacra (IceCv)
  14 worker ants
  2 centaur simulacra (IceCv)
  2 hound skeletons (D:5)
  A worker ant zombie (D:8)
  14 gnolls
  15 adders
  A naga simulacrum (IceCv)
  An ooze (D:3)
  2 adder skeletons (D:5)
  2 worms
  2 dart slugs
  7 leopard geckos
  25 orcs
  8 giant cockroaches
  6 goblins
  5 hobgoblins
  20 jackals
  19 kobolds
  3 quokkas
  A ball python (D:2)
  15 bats
  3 frilled lizards
  2 goblin skeletons (D:7)
  3 goblin zombies (D:7)
  2 hobgoblin zombies (D:7)
  A jackal zombie (D:5)
  A kobold zombie (D:7)
  A leopard gecko skeleton (D:7)
  An orc skeleton (D:7)
  A quokka skeleton (D:4)
  8 rats
324 creatures vanquished.

Vanquished Creatures (others)
  A slave (D:6)
  A phantom (D:6)
  3 orcs (D:6)
  A bush (D:6)
6 creatures vanquished.

Grand Total: 330 creatures vanquished

Notes
Turn   | Place    | Note
-------+----------+-------------------------------------------
     0 | D:1      | MackTheKnife the Formicid Wanderer began the quest for the Orb.
     0 | D:1      | MackTheKnife set off with: a book of Minor Magic, a +0 ring mail, a potion of lignification {!q}, a +0 club, a bread ration {@e1}
     0 | D:1      | Reached XP level 1. HP: 16/16 MP: 4/4
   130 | D:1      | Reached XP level 2. HP: 23/23 MP: 6/6
   153 | D:1      | Reached skill level 3 in Fighting
   223 | D:1      | HP: 6/24 [jackal (2)]
   618 | D:1      | Reached XP level 3. HP: 29/29 MP: 7/7
  1045 | D:1      | Reached skill level 4 in Fighting
  1650 | D:2      | HP: 7/31 [kobold/short sword of flaming (1)]
  1654 | D:2      | Reached XP level 4. HP: 14/38 MP: 8/8
  1890 | D:2      | Reached skill level 5 in Fighting
  1901 | D:2      | Reached XP level 5. HP: 22/44 MP: 9/9
  2607 | D:3      | Reached skill level 2 in Maces & Flails
  2628 | D:3      | Found a hazy altar of Hepliaklqana.
  2672 | D:2      | Reached XP level 6. HP: 37/52 MP: 10/10
  2805 | D:3      | Reached skill level 3 in Maces & Flails
  2845 | D:3      | Found a shimmering altar of Xom.
  3220 | D:4      | Reached skill level 4 in Maces & Flails
  3335 | D:4      | Found a blossoming altar of Fedhas.
  3381 | D:4      | Reached XP level 7. HP: 56/57 MP: 11/11
  3386 | D:4      | Found an iron altar of Okawaru.
  3418 | D:4      | Noticed Duvessa
  3445 | D:4      | Killed Duvessa
  3445 | D:4      | Reached skill level 5 in Maces & Flails
  3770 | D:4      | Noticed Dowan
  3800 | D:4      | Killed Dowan
  3813 | D:4      | Gained mutation: You have sharp toenails. [potion of mutation]
  3813 | D:4      | Gained mutation: You are partially covered in slimy green scales. (AC +2) [potion of mutation]
  3813 | D:4      | Gained mutation: You possess an exceptional clarity of mind. [potion of mutation]
  3864 | D:4      | Reached skill level 6 in Maces & Flails
  4031 | D:4      | Reached XP level 8. HP: 62/64 MP: 12/12
  4230 | D:5      | Entered Level 5 of the Dungeon
  4253 | D:5      | Reached skill level 7 in Maces & Flails
  4393 | D:5      | Reached skill level 8 in Maces & Flails
  4788 | D:5      | Found Gozag's Platinum Reserve.
  4809 | D:5      | Found an opulent altar of Gozag.
  4822 | D:5      | Reached skill level 9 in Maces & Flails
  4822 | D:5      | Reached XP level 9. HP: 69/69 MP: 13/13
  4835 | D:5      | Became a worshipper of Gozag Ym Sagoz the Greedy
  5077 | D:6      | Reached skill level 10 in Maces & Flails
  5509 | D:6      | Reached skill level 11 in Maces & Flails
  5545 | D:6      | Noticed Pikel
  5568 | D:6      | Killed Pikel
  5608 | D:6      | Reached XP level 10. HP: 44/76 MP: 14/14
  5771 | D:6      | Reached skill level 12 in Maces & Flails
  6010 | D:6      | Reached skill level 1 in Armour
  6045 | D:6      | Reached skill level 6 in Fighting
  6045 | D:6      | Reached skill level 2 in Armour
  6366 | D:7      | Reached skill level 3 in Armour
  6374 | D:7      | Found a glowing golden altar of the Shining One.
  6433 | D:7      | Found a sparkling altar of Nemelex Xobeh.
  6433 | D:7      | Found a basalt altar of Yredelemnul.
  6435 | D:7      | Found a snail-covered altar of Cheibriados.
  6435 | D:7      | Found an ornate altar of the Wu Jian Council.
  6503 | D:7      | Reached skill level 7 in Fighting
  6648 | D:7      | Found a white marble altar of Elyvilon.
  6756 | D:7      | Found a staircase to the Ecumenical Temple.
  6929 | D:8      | Reached skill level 4 in Armour
  7065 | D:8      | Reached skill level 8 in Fighting
  7065 | D:8      | Reached skill level 5 in Armour
  7463 | D:8      | Found a hide-covered altar of Uskayaw.
  7694 | D:8      | Found a deep blue altar of Sif Muna.
  7768 | D:8      | Found an opulent altar of Gozag.
  7866 | D:8      | Found a bloodstained altar of Trog.
  7912 | D:8      | Bought a +0 pair of gloves of dexterity for 138 gold pieces
  8024 | D:9      | Reached skill level 6 in Armour
  8055 | D:9      | Reached XP level 11. HP: 85/87 MP: 15/15
  8113 | D:9      | Found Luykocia's Weapon Boutique.
  8137 | D:9      | Reached skill level 9 in Fighting
  8184 | D:9      | Noticed Prince Ribbit
  8486 | D:9      | Got a smelly chain mail
  8503 | D:9      | Identified the cursed +1 chain mail of Context {MR++ Int+6} (You found it on level 9 of the Dungeon)
  8575 | D:9      | Killed Prince Ribbit
  8575 | D:9      | Reached skill level 7 in Armour
  9186 | D:9      | Identified a scroll of acquirement
  9187 | D:9      | Got a pitted dire flail
  9188 | D:9      | Identified the +9 dire flail of Insufficient Pleasure {freeze, rPois rF+++ Str-2 Int+3} (You acquired it on level 9 of the Dungeon)
  9225 | D:10     | Entered Level 10 of the Dungeon
  9499 | D:10     | Noticed Leszczynek's ghost (novice TrSk)
  9520 | D:10     | Killed Leszczynek's ghost
 10039 | D:11     | Noticed a manticore
 10042 | D:11     | Killed a manticore
 10072 | D:11     | Reached skill level 13 in Maces & Flails
 10229 | D:11     | Noticed an unseen horror
 10234 | D:11     | Killed an unseen horror
 10290 | D:11     | Noticed a cyclops
 10325 | D:11     | Killed a cyclops
 10557 | D:11     | Found a staircase to the Lair.
 10667 | D:11     | Reached skill level 14 in Maces & Flails
 10667 | D:11     | Reached XP level 12. HP: 96/96 MP: 16/16
 10820 | Lair:1   | Entered Level 1 of the Lair of Beasts
 11100 | Lair:1   | Noticed Erica
 11107 | Lair:1   | Killed Erica
 11107 | Lair:1   | Reached skill level 10 in Fighting
 11107 | Lair:1   | Reached skill level 8 in Armour
 11198 | Lair:1   | Noticed a seven-headed hydra
 11273 | Lair:2   | Noticed a catoblepas
 11281 | Lair:2   | Killed a catoblepas
 11292 | Lair:2   | Found a frozen archway.
 11300 | Lair:2   | Reached skill level 9 in Armour
 11355 | IceCv    | Entered an ice cave
 11482 | IceCv    | HP: 23/99 [ice devil (21)]
 11488 | IceCv    | Reached skill level 11 in Fighting
 12695 | IceCv    | Reached skill level 10 in Armour
 12902 | IceCv    | HP: 24/100 [ice statue/freezing blast (19)]
 12903 | IceCv    | Engulfed by an ice statue's freezing vapour

Vault maps used:
D:1:      dpeg_arrival_refuge, minmay_misc_feat_columns
D:2:      minmay_misc_feat_iff
D:3:      lemuel_crystal_altar, xom_teletrap_fun, first_bread, st_stairs_7
D:4:      okawaru_ov_weapons_minmay, fedhas_altar_2, uniq_duvessa
D:5:      nicolae_gozag_zags_fifth_avenue
D:6:      kb_lookout_dungeons_type, uniq_pikel
D:7:      elyvilon_altar_5, grunt_temple_overflow_open,
          minmay_temple_entry_fiery, nicolae_tso_besieged_by_evil
D:8:      old_standard_altar, kennysheep_mini_moat, led_sif_pool,
          grunt_livestock, minivault_26, trog_book
D:9:      serial_shops, shop, uniq_prince_ribbit1
Lair:1:   lemuel_old_faithful, infiniplex_staircase_pool_2, uniq_erica
Lair:2:   guppyfry_snake_entry_garden, portal_ice_cave_entry_ice_beasts,
          serial_bayou_pond_b, ice2_lemuel, lemuel_fruit_tree
IceCv:    ice_cave_tombish

Skill      XL: |  1  2  3  4  5  6  7  8  9 10 11 12 |
---------------+-------------------------------------+-----
Fighting       | 3 4 5 8 9 11 | 11.3
Maces & Flails | 2 4 6 9 11 12 14 | 14.0
Armour         | 6 7 10 | 10.0
Throwing       | |  1.0
Stealth        | |  1.2
Spellcasting   | |  3.2
Necromancy     | |  2.0

Action                   |  1- 3 |  4- 6 |  7- 9 | 10-12 || total
-------------------------+-------+-------+-------+-------++-------
Melee: Club              |   232 |       |       |       ||   232
       Short sword       |       |    75 |       |       ||    75
       Flail             |       |   122 |   305 |       ||   427
       Whip              |       |       |    13 |   459 ||   472
       Dire flail        |       |       |       |   270 ||   270
Invok: Call Merchant     |       |       |       |     1 ||     1
 Abil: Dig               |       |     3 |     6 |    12 ||    21
Evoke: Wand              |       |       |     5 |     2 ||     7
  Use: Potion            |     1 |       |     3 |     2 ||     6
       Scroll            |       |     3 |    10 |     7 ||    20
 Stab: Distracted        |       |       |       |     1 ||     1
  Eat: Chunk             |     2 |     6 |     5 |       ||    13
       Fruit             |       |       |     2 |       ||     2
       Bread ration      |       |       |     1 |     4 ||     5
       Royal jelly       |       |       |       |     2 ||     2
Armor: Ring mail         |    61 |       |       |    67 ||   128
       Leather armour    |    66 |       |       |       ||    66
       Skin              |     3 |       |       |       ||     3
       Plate armour      |       |   182 |   193 |    56 ||   431
       Chain mail        |       |       |       |   123 ||   123
Dodge: Dodged            |   193 |    67 |    69 |   150 ||   479

Vault maps used:
D:1:      dpeg_arrival_refuge, minmay_misc_feat_columns
D:2:      minmay_misc_feat_iff
D:3:      lemuel_crystal_altar, xom_teletrap_fun, first_bread, st_stairs_7
D:4:      okawaru_ov_weapons_minmay, fedhas_altar_2, uniq_duvessa
D:5:      nicolae_gozag_zags_fifth_avenue
D:6:      kb_lookout_dungeons_type, uniq_pikel
D:7:      elyvilon_altar_5, grunt_temple_overflow_open,
          minmay_temple_entry_fiery, nicolae_tso_besieged_by_evil
D:8:      old_standard_altar, kennysheep_mini_moat, led_sif_pool,
          grunt_livestock, minivault_26, trog_book
D:9:      serial_shops, shop, uniq_prince_ribbit1
Lair:1:   lemuel_old_faithful, infiniplex_staircase_pool_2, uniq_erica
Lair:2:   guppyfry_snake_entry_garden, portal_ice_cave_entry_ice_beasts,
          serial_bayou_pond_b, ice2_lemuel, lemuel_fruit_tree
IceCv:    ice_cave_tombish

Table legend:
 A = Turns spent in this place as a percentage of turns spent in the entire game.
 B = Non-inter-level travel turns spent in this place as a percentage of non-inter-level travel turns spent in the entire game.
 C = Inter-level travel turns spent in this place as a percentage of turns spent in this place.
 D = Turns resting spent in this place as a percentage of non-inter-level travel turns spent in this place.
 E = Turns spent auto-exploring this place as a percentage of non-inter-level travel turns spent in this place.
 F = Non-inter-level travel turns spent in this place divided by the number of levels of this place that you've seen.
                   A       B       C       D       E      F
               +-------+-------+-------+-------+-------+----------------------
         Total | 100.0 | 100.0 |   0.5 |   1.7 |   8.1 | 329.9
       Dungeon |  87.0 |  87.0 |   0.5 |   1.5 |   9.0 | 365.2
          Lair |   5.1 |   5.2 |   0.0 |   0.8 |   3.8 | 119.0
      Ice Cave |   7.8 |   7.9 |   0.0 |   5.2 |   1.4 | 363.0
               +-------+-------+-------+-------+-------+----------------------

Table legend:
 A = Kills in this place as a percentage of kills in entire the game.
 B = Kills by you in this place as a percentage of kills by you in the entire game.
 C = Kills by friends in this place as a percentage of kills by friends in the entire game.
 D = Other kills in this place as a percentage of other kills in the entire game.
 E = Experience gained in this place as a percentage of experience gained in the entire game.
 F = Experience gained in this place divided by the number of levels of this place that you have seen.
                   A       B       C       D       E      F
               +-------+-------+-------+-------+-------+----------------------
         Total | 100.0 | 100.0 |  -nan |  -nan | 100.0 | 1714.8
       Dungeon |  88.6 |  88.6 |  -nan |  -nan |  65.1 | 1421.3
          Lair |   5.9 |   5.9 |  -nan |  -nan |  21.2 | 2542.0
      Ice Cave |   5.6 |   5.6 |  -nan |  -nan |  13.7 | 3289.0
               +-------+-------+-------+-------+-------+----------------------
